 Dungeon Crawl Stone Soup version 0.31-a0-198-g2ad674f65e (webtiles) character file.

Game seed: 6055199484666311342

73 qw the Shooter (level 4, 0/25 HPs)
             Began as a Deep Elf Hunter on June 25, 2023.
             Slain by Pargi (1 damage)
             ... in a sewer.
             The game lasted 00:00:34 (1896 turns).

qw the Shooter (Deep Elf Hunter)                    Turns: 1896, Time: 00:00:35

Health: 0/25       AC:  7    Str: 10    XL:     4   Next: 8%
Magic:  6/6        EV: 11    Int: 14    God:
Gold:   165        SH:  0    Dex: 18    Spells: 3/3 levels left

rFire   . . .        Y - +0 shortbow
rCold   . . .        (shield currently unavailable)
rNeg    . . .        k - +0 ring mail
rPois   .            (no helmet)
rElec   .            (no cloak)
rCorr   .            h - +0 pair of gloves
SInv    .            i - +0 pair of boots
Will    .....        (no amulet)
Stlth   +            (no ring)
HPRegen 0.24/turn    (no ring)
MPRegen 0.10/turn

%: no passive effects
@: no status effects
A: no striking features
a: no special abilities


You were in a sewer.
You visited 1 branch of the dungeon, and saw 4 of its levels.
You also visited: Sewer.

You collected 165 gold pieces.


   Skills:
 - Level 1.5 Fighting
 + Level 7.5 Ranged Weapons
 - Level 2.4 Dodging
 - Level 1.2 Stealth


You had 3 spell levels left.
You didn't know any spells.
Your spell library was empty.

Inventory:

Hand Weapons
 Y - a +0 shortbow (weapon)
Armour
 h - a +0 pair of gloves (worn)
 i - a +0 pair of boots (worn)
 k - a +0 ring mail (worn)
Scrolls
 a - a scroll of identify
Potions
 d - a potion of heal wounds {unknown}
 e - 2 potions of curing
 f - a potion of mutation {unknown}
 g - a potion of brilliance {unknown}
 j - a potion of haste {unknown}
 l - a potion of might {unknown}
 m - a potion of invisibility {unknown}

Dungeon Overview and Level Annotations

Branches:
Dungeon (4/15)              Sewer (1/1)
 Temple: D:4-7

Altars:
Ru

Annotations:
Sewer Pargi


Message History

You shoot an arrow. The arrow hits the giant cockroach.
You kill the giant cockroach!
You open the door.
Pargi the Meek comes into view.
Found a leather armour.
You shoot an arrow. The arrow hits Pargi.
Pargi is lightly wounded.
Pargi barely misses you. Pargi closely misses you. Pargi barely misses you.
You shoot an arrow. The arrow hits Pargi.
Pargi is lightly wounded.
Pargi barely misses you. Pargi claws you. Pargi claws you but does no damage.
You shoot an arrow. The arrow barely misses Pargi.
Pargi bites you. Pargi barely misses you. Pargi claws you but does no damage.
You shoot an arrow.
The arrow hits Pargi but does no damage.
Pargi is lightly wounded.
Pargi bites you but does no damage. Pargi claws you. Pargi barely misses you.
Pargi bites you. Pargi closely misses you. Pargi claws you.
You shoot an arrow. The arrow hits Pargi!
Pargi is moderately wounded.
Pargi bites you but does no damage. Pargi claws you but does no damage.
Pargi misses you.
You shoot an arrow. The arrow hits Pargi.
Pargi is moderately wounded.
Pargi bites you but does no damage. Pargi claws you but does no damage. x2
You shoot an arrow. The arrow hits Pargi!
Pargi is heavily wounded.
Pargi bites you. Pargi claws you but does no damage. x2
You shoot an arrow. The arrow hits Pargi.
Pargi is severely wounded.
Pargi misses you. Pargi completely misses you.
Pargi claws you but does no damage.
You shoot an arrow. The arrow hits Pargi.
Pargi is severely wounded.
Pargi closely misses you. Pargi claws you. x2; Pargi bites you.
Pargi completely misses you. Pargi claws you.
You shoot an arrow. The arrow barely misses Pargi.
Pargi bites you but does no damage. Pargi claws you but does no damage.
Pargi claws you.
You die...

### #\# #.#
#+##+##.##+##+##+#
.................#
~~~~~~~.~~~~~~~~~#
~~~~~~~\~~~~~~~~~#
~~~~~~~.~~~~~~~~~#
..........@......#
#+##+##%##T##+##+#
#.##.# #)##[#
######


You could see Pargi.

Vanquished Creatures
  2 adders
  A river rat (D:4)
  2 orcs (D:3)
  4 ball pythons
  5 bats
  3 endoplasms
  2 giant cockroaches
  4 hobgoblins
  3 jackals (D:2)
  4 kobolds
  A quokka (D:1)
  A frilled lizard (D:1)
  6 goblins
  3 rats (D:1)
41 creatures vanquished.

Notes
Turn   | Place    | Note
-------+----------+-------------------------------------------
     0 | D:1      | qw the Deep Elf Hunter began the quest for the Orb.
     0 | D:1      | Reached XP level 1. HP: 12/12 MP: 3/3
     0 | D:1      | 0 ||| qw: Version: 0.3-a-22-g0ed2b0b
     0 | D:1      | 0 ||| qw: Game counter: 5293
     0 | D:1      | 0 ||| qw: Melee chars always use a shield: true
     0 | D:1      | 0 ||| qw: God list: Okawaru
     0 | D:1      | 0 ||| qw: Allow faded altars: false
     0 | D:1      | 0 ||| qw: Do Orc after clearing Dungeon:15 true
     0 | D:1      | 0 ||| qw: Do second Lair branch before Depths: true
     0 | D:1      | 0 ||| qw: Lair rune preference: random
     0 | D:1      | 0 ||| qw: Goals: Normal
     0 | D:1      | 0 ||| PLANNING D:1-11
   143 | D:1      | Reached skill level 6 in Ranged Weapons
   143 | D:1      | Reached XP level 2. HP: 16/16 MP: 4/4
   742 | D:1      | 742 ||| UPGRADING to +0 pair of gloves.
   747 | D:1      | 747 ||| UPGRADING to +0 pair of boots.
   752 | D:1      | 752 ||| READING 3 scrolls labelled CUQUSH EBEISME.
   753 | D:1      | 753 ||| READING scroll labelled HIARGHED LOYNN.
   754 | D:1      | 754 ||| DRINKING 3 clear potions.
   755 | D:1      | 755 ||| READING 2 scrolls of identify.
   755 | D:1      | 755 ||| IDENTIFYING sedimented inky potion
   756 | D:1      | 756 ||| DROPPING scroll of butterflies.
   757 | D:1      | 757 ||| DROPPING potion of berserk rage.
   845 | D:2      | Reached XP level 3. HP: 20/20 MP: 5/5
   980 | D:2      | Found a sacrificial altar of Ru.
  1139 | D:2      | 1139 ||| READING scroll labelled WIUL DOATAFROX.
  1144 | D:2      | 1144 ||| READING 2 scrolls of identify.
  1144 | D:2      | 1144 ||| IDENTIFYING smoky brown potion
  1145 | D:2      | 1145 ||| DROPPING potion of lignification.
  1348 | D:3      | Reached skill level 7 in Ranged Weapons
  1512 | D:3      | 1512 ||| UPGRADING to +0 scale mail.
  1522 | D:3      | 1522 ||| DROPPING +0 leather armour.
  1523 | D:3      | 1523 ||| UPGRADING to +0 ring mail.
  1533 | D:3      | 1533 ||| DROPPING +0 scale mail.
  1551 | D:4      | 1551 ||| PLANNING SEWER
  1859 | D:4      | Found a glowing drain.
  1862 | D:4      | 1862 ||| READING 2 scrolls of identify.
  1862 | D:4      | 1862 ||| IDENTIFYING bubbling yellow potion
  1863 | D:4      | 1863 ||| DROPPING potion of magic.
  1874 | D:4      | Reached XP level 4. HP: 25/25 MP: 6/6
  1877 | Sewer    | Entered a sewer
  1886 | Sewer    | Noticed Pargi
  1895 | Sewer    | HP: 4/25 [Pargi (4)]
  1895 | Sewer    | HP: 1/25 [Pargi (3)]
  1896 | Sewer    | Slain by Pargi

Levels and vault maps discovered:
D:1:      noname_arrival_rooms_in_the_neighbourhood, layout_basic,
          chequers_serial_rivers_room_a
D:2:      layout_basic, basic_altar, hex_intersection
D:3:      layout_rooms, hangedman_decor_clover_reticule
D:4:      layout_loops_corners, cheibrodos_sewer_entry_sluice,
          hangedman_abyss_or_decor_lesser_grid, due_unseen_surprise
Sewer:    kennysheep_door_sewer

Skill      XL: |  1  2  3 |
---------------+----------+-----
Ranged Weapons | 6 7 |  7.5
Fighting       | |  1.5
Dodging        | |  2.4
Stealth        | |  1.2

Action                     |  1- 3 |  4- 6 || total
---------------------------+-------+-------++-------
   Fire: Shortbow          |    84 |    12 ||    96
    Use: Scroll            |     6 |       ||     6
         Potion            |     1 |       ||     1
 Armour: Leather armour    |     3 |       ||     3
         Ring mail         |       |    13 ||    13
  Dodge: Dodged            |    10 |    12 ||    22

Table legend:
 A = Non-vault XP
 B = Vault XP
 C = Vault XP percentage of total XP
 D = Non-vault monster count
 E = Vault monster count
 F = Vault count percentage of total count
                 A         B        C        D         E       F
            +---------+---------+-------+---------+---------+-------
      Total |      89 |      16 |  15.2 |      38 |       3 |   7.3
            +---------+---------+-------+---------+---------+-------
        D:1 |      22 |       0 |   0.0 |      14 |       0 |   0.0
        D:2 |      33 |       0 |   0.0 |      12 |       0 |   0.0
        D:3 |      30 |       0 |   0.0 |       9 |       0 |   0.0
        D:4 |       4 |      14 |  77.8 |       3 |       2 |  40.0
      Sewer |       0 |       2 | 100.0 |       0 |       1 | 100.0
            +---------+---------+-------+---------+---------+-------
